 Dungeon Crawl Stone Soup version 0.31-a0-1570-g93c622d222 (webtiles) character file.

Game seed: 9848901637307448780

269796 Flugslaktarn the Eclecticist (level 19, -4/126 HPs)
             Began as an Octopode Alchemist on Jan 3, 2024.
             Was an Elder of Sif Muna.
             Shot with an arrow by a centaur warrior (34 damage)
             ... on level 13 of the Dungeon on Jan 4, 2024.
             The game lasted 02:25:35 (14256 turns).

Flugslaktarn the Eclecticist (Octopode Alchemist)  Turns: 14256, Time: 02:25:35

Health: -4/126     AC:  2    Str:  8    XL:     19   Next: 0%
Magic:  10/48      EV: 30    Int: 32    God:    Sif Muna [****..]
Gold:   1308       SH:  5    Dex: 34    Spells: 5/50 levels left

rFire   + . .        b - staff of Ugideaph {rN+ Dex+7 Necro}
rCold   . . .        (no shield)
rNeg    + . .        W - +1 hat of Imperfection {rCorr}
rPois   +            I - amulet "Inineim" {Reflect Will++ Regen+ MP+9 Int-2 SH+5}
rElec   .            G - +6 ring of intelligence
rCorr   +            v - +5 ring of evasion
SInv    .            j - +6 ring of intelligence
Will    +++..        F - ring of wizardry
Stlth   ++++         Z - ring of Jaam {^Drain rPois rCorr Dex+6}
HPRegen 1.21/turn    K - +6 ring of dexterity
MPRegen 0.31/turn    c - ring of protection from cold
                     J - ring of fire

%: reflection, wizardry (x1)
@: death channelling, marked, channelling, studying Fighting
A: almost no armour, amphibious, 8 rings, camouflage 1, gelatinous body 1,
(nimble swimmer 1), tentacles
}: 2/15 runes: decaying, serpentine
a: Renounce Religion, Channel Magic, Forget Spell, Divine Exegesis


You were on level 13 of the Dungeon.
You worshipped Sif Muna.
Sif Muna was greatly pleased with you.
You visited 7 branches of the dungeon, and saw 32 of its levels.
You also visited: Bailey and Gauntlet.

You collected 2731 gold pieces.
You spent 1423 gold pieces at shops.

Inventory:

Hand Weapons
 a - the +9 flail of Action {vamp, rF+ Stlth+}
   (You found it on level 7 of the Dungeon)

   rF+:       It protects you from fire.
   Stlth+:    It makes you more stealthy.
 p - the +9 short sword of Ezyc {heavy, rElec rPois Str-2 Dex+7}
   (You took it off a minotaur in a Gauntlet)

   Str-2:     It affects your strength (-2).
   Dex+7:     It affects your dexterity (+7).
   rElec:     It insulates you from electricity.
   rPois:     It protects you from poison
 N - a +0 long sword of distortion
   (You found it on level 4 of the Snake Pit)
Missiles
 D - 6 curare-tipped darts
Armour
 k - a +2 kite shield
   (You found it on level 3 of the Elven Halls)
 W - the +1 hat of Imperfection (worn) {rCorr}
   (You acquired it on level 5 of the Dungeon)

   rCorr:     It protects you from acid and corrosion.
Magical Staves
 b - the staff of Ugideaph (weapon) {rN+ Dex+7 Necro}
   (You found it on level 3 of the Elven Halls)

   [staff of death]

   Base accuracy: +5 Base damage: 5 Base attack delay: 1.2 This weapon's minimum
   attack delay (0.6) is reached at skill level 12.
   Dex+7:     It affects your dexterity (+7).
   rN+:       It protects you from negative energy.
   Necro:     It increases the power of your Necromancy spells.
   It falls into the 'Staves' category.
   It is a one-tentacled weapon.
 L - a staff of cold
   (You found it in a Gauntlet)
 R - a staff of fire
   (You found it on level 3 of the Elven Halls)
Jewellery
 c - a ring of protection from cold (on tentacle)
   (You found it on level 1 of the Elven Halls)
 f - a ring of protection from fire
   (You found it on level 3 of the Swamp)
 j - a +6 ring of intelligence (on tentacle)
   (You took it off Erica on level 8 of the Dungeon)
 u - the ring of Noufia {Int+2 SInv}
   (You found it on level 6 of the Dungeon)

   [ring of see invisible]

   Int+2:     It affects your intelligence (+2).
   SInv:      It lets you see invisible.
 v - a +5 ring of evasion (right tentacle)
   (You bought it in a shop on level 2 of the Orcish Mines)
 F - a ring of wizardry (on tentacle)
   (You found it on level 11 of the Dungeon)
 G - a +6 ring of intelligence (left tentacle)
   (You found it on level 1 of the Dungeon)
 I - the amulet "Inineim" (around mantle) {Reflect Will++ Regen+ MP+9 Int-2 SH+5}
   (You bought it in a shop on level 2 of the Orcish Mines)

   [amulet of reflection]

   Reflect:   It reflects blocked missile attacks.
   Int-2:     It affects your intelligence (-2).
   Will++:    It greatly increases your willpower.
   MP+9:      It affects your magic capacity (+9).
   Regen+:    It increases your rate of health regeneration.
   SH+5:      It affects your SH (+5).
 J - a ring of fire (on tentacle)
   (You found it in a Gauntlet)
 K - a +6 ring of dexterity (on tentacle)
   (You acquired it in a Gauntlet)
 X - the ring "Reahig" {rN+ Will+}
   (You found it on level 3 of the Elven Halls)

   [ring of willpower]

   rN+:       It protects you from negative energy.
   Will+:     It increases your willpower.
 Z - the ring of Jaam (on tentacle) {^Drain rPois rCorr Dex+6}
   (You took it off a centaur warrior on level 13 of the Dungeon)

   [ring of resist corrosion]

   Dex+6:     It affects your dexterity (+6).
   rPois:     It protects you from poison rCorr: It protects you from acid and
   corrosion.
   ^Drain:    It drains your maximum health when unequipped.
Talismans
 Q - a granite talisman
   (You took it off Roxanne on level 2 of the Snake Pit)
Wands
 m - a wand of mindburst (7)
   (You found it on level 3 of the Elven Halls)
 y - a wand of polymorph (41)
   (You found it on level 8 of the Dungeon)
 H - a wand of charming (12)
   (You found it in a Gauntlet)
 S - a wand of light (19)
   (You found it on level 3 of the Elven Halls)
 U - a wand of roots (4)
   (You found it on level 1 of the Swamp)
Scrolls
 e - 2 scrolls of revelation
 g - 2 scrolls of enchant weapon
 i - 3 scrolls of fog
 r - a scroll of poison
 s - 2 scrolls of brand weapon
 t - 9 scrolls of teleportation
 x - 3 scrolls of enchant armour
 z - a scroll of blinking
 A - 3 scrolls of amnesia
 M - 2 scrolls of immolation
 O - 2 scrolls of torment
 V - a scroll of vulnerability
Potions
 d - 4 potions of might
 h - 4 potions of haste
 l - 3 potions of enlightenment
 n - 3 potions of resistance
 o - 2 potions of mutation {unknown}
 q - 5 potions of curing
 w - 2 potions of heal wounds
 B - 2 potions of magic
 C - 5 potions of cancellation
 E - 2 potions of attraction
 P - 2 potions of lignification
 Y - 4 potions of ambrosia
Miscellaneous
 T - a phantom mirror
   (You found it on level 5 of the Lair of Beasts)


   Skills:
 - Level 10.0 Fighting
 - Level 10.0 Dodging
 - Level 2.6 Stealth
 - Level 16.0 Spellcasting
 - Level 1.0 Conjurations
 - Level 5.0 Summonings
 - Level 8.2 Necromancy
 - Level 5.0 Translocations
 - Level 15.0 Fire Magic
 - Level 8.4 Earth Magic
 - Level 11.8 Alchemy
 - Level 8.0 Invocations
 + Level 11.1 Shapeshifting


You had 5 spell levels left.
You knew the following spells:

 Your Spells              Type           Power      Damage    Failure   Level
a - Sting                 Conj/Alch      100%       1d9       1%          1
b - Olgreb's Toxic Radia  Alch           79%        N/A       1%          4
c - Summon Forest         Summ/Tloc      27%        N/A       2%          5
d - Ignite Poison         Fire/Alch      100%       N/A       1%          4
e - Eringya's Noxious Bo  Alch           39%        4d6       1%          6
f - Ignition              Fire           55%        3d15      9%          8
g - Death Channel         Necr           43%        N/A       3%          6
h - Borgnjor's Vile Clut  Necr/Erth      43%        N/A       1%          5
i - Irradiate             Conj/Alch      30%        3d21      1%          5
j - Apportation           Tloc           100%       N/A       1%          1

Your spell library contained the following spells:

 Spells                   Type           Power      Damage    Failure   Level
 Scorch                   Fire           100%       2d9       0%          2
 Foxfire                  Conj/Fire      100%       2x1d9     1%          1
 Freeze                   Ice            100%       1d10      1%          1
 Kiss of Death            Conj/Necr      100%       2d13      1%          1
 Magic Dart               Conj           100%       1d8       1%          1
 Slow                     Hex            100%       N/A       1%          1
 Blink                    Tloc           100%       N/A       1%          2
 Call Imp                 Summ           100%       N/A       1%          2
 Cigotuvi's Dreadful Rot  Necr/Alch/Air  100%       N/A       1%          2
 Ensorcelled Hibernation  Hex/Ice        50%        N/A       1%          2
 Jinxbite                 Hex            50%        N/A       1%          2
 Mercury Vapours          Alch/Air       100%       N/A       1%          2
 Sublimation of Blood     Necr           87%        N/A       1%          2
 Call Canine Familiar     Summ           55%        N/A       1%          3
 Dazzling Flash           Conj/Hex       56%        N/A       1%          3
 Frozen Ramparts          Ice            50%        1d8       1%          3
 Fugue of the Fallen      Necr           87%        N/A       1%          3
 Hailstorm                Conj/Ice       28%        3d8       1%          3
 Inner Flame              Hex/Fire       84%        N/A       1%          3
 Mephitic Cloud           Conj/Alch/Air  52%        N/A       1%          3
 Summon Ice Beast         Ice/Summ       41%        N/A       1%          3
 Tukima's Dance           Hex            25%        N/A       1%          3
 Vampiric Draining        Necr           87%        2d12      1%          3
 Volatile Blastmotes      Fire/Tloc      100%       2d18      1%          3
 Anguish                  Hex/Necr       33%        N/A       1%          4
 Dispel Undead            Necr           87%        3d28      1%          4
 Flame Wave               Conj/Fire      86%        2d18      1%          4
 Iskenderun's Mystic Bla  Conj/Tloc      44%        2d10      1%          4
 Leda's Liquefaction      Alch/Erth      37%        N/A       1%          4
 Petrify                  Alch/Erth      74%        N/A       1%          4
 Sticky Flame             Fire/Alch      100%       2d15      1%          4
 Summon Blazeheart Golem  Fire/Summ      94%        N/A       1%          4
 Alistair's Intoxication  Alch           52%        N/A       1%          5
 Fireball                 Conj/Fire      43%        3d17      1%          5
 Lee's Rapid Deconstruct  Erth           34%        3d17*     1%          5
 Dimensional Bullseye     Hex/Tloc       20%        N/A       2%          4
 Summon Mana Viper        Hex/Summ       41%        N/A       6%          5
 Iskenderun's Battlesphe  Conj           32%        2d8       12%         5
 Arcjolt                  Conj/Air       14%        1d24      16%         5
 Freezing Cloud           Conj/Ice/Air   13%        6-21      16%         5
 Plasma Beam              Fire/Air       42%        2x1d56    4%          6
 Starburst                Conj/Fire      43%        6d12      4%          6
 Dispersal                Tloc           27%        N/A       13%         6
 Summon Cactus Giant      Summ           27%        N/A       13%         6
 Bombard                  Conj/Erth      27%        9d5       16%         6
 Monstrous Menagerie      Summ           27%        N/A       54%         7
 Summon Hydra             Summ           27%        N/A       54%         7
 Conjure Ball Lightning   Conj/Air       14%        3x3d6     58%         6
 Spellforged Servitor     Conj/Summ      22%        N/A       82%         7
 Orb of Destruction       Conj           16%        9d7       97%         7
 Disjunction              Tloc           27%        N/A       99%         8
 Discord                  Hex            12%        N/A       100%        8
 Polar Vortex             Ice            12%        12d1*     100%        9
 Shatter                  Erth           34%        3d27*     100%        9


Dungeon Overview and Level Annotations

Branches:
Dungeon (13/15)            Temple (1/1) D:6            Lair (5/5) D:8
  Swamp (4/4) Lair:2        Snake (4/4) Lair:2          Orc (2/2) D:9
    Elf (3/3) Orc:2        Bailey (visited)         Gauntlet (visited)
  Slime: Lair:4-5    Vaults: D:13-14

Altars:
Ashenzari
Cheibriados
Dithmenos
Elyvilon
Fedhas
Gozag
Hepliaklqana
Kikubaaqudgha
Makhleb
Nemelex Xobeh
Okawaru
Qazlal
Ru
Sif Muna
Trog
Uskayaw
Vehumet
Wu Jian
Xom
Yredelemnul
Zin

Shops:
D:3 ((   D:7 (   Orc:2 =![(?   Elf:3 (   Snake:2 [*!   Snake:4 *

Portals:
Trove: D:12 (give 18 potions of curing)

Annotations:
Temple 2 transporters
Lair:1 1 runed translucent door
Lair:2 exclusion: upstairs
Lair:4 exclusion: 3 oklob plants
Snake:4 1 runed translucent door, Vashnia; p0werm0de's ghost, adept OnCK
Elf:1 2 runed translucent doors, Qizunt's ghost, adept SpIE; Zenata
Elf:3 exclusion: upstairs


Innate Abilities, Weirdness & Mutations

You cannot wear most types of armour.
You are amphibious.
You can wear up to eight rings at the same time.
Your skin changes colour to match your surroundings (Stealth+).
Your rubbery body absorbs attacks. (AC +1, EV +1)
((You are camouflaged when in or above water. (Stealth+)))
You have tentacles for arms and can constrict up to eight enemies at once.


Message History

Your magical contamination has completely faded away.
You see here 24 gold pieces.
You block the redback's attack.
Casting: Irradiate (mildly dangerous; 1% risk of failure)
Confirm with . or Enter, or press ? or * to list all spells.
You feel a surge of power!
Malign forces permeate your being, awaiting release.
The redback bites you but does no damage.
Casting: Death Channel (dangerous; 3% risk of failure)
Confirm with . or Enter, or press ? or * to list all spells.
Aiming: Borgnjor's Vile Clutch (mildly dangerous; 1% risk of failure)
Press: ? - help, Shift-Dir - straight line, f - redback
Aim: a redback (100% to hit)
You feel a surge of power!
Zombie hands grab the redback.
Zombie hands grab the human.
The zombie hands constrict the human.
The zombie hands constrict the redback!
You lose your grip on the shapeshifter.
The human changes into a shapeshifter!
The redback barely misses you. The redback completely misses you.
You hit the redback but do no damage.
The redback is moderately wounded.
The zombie hands constrict the redback!
The shapeshifter changes into a cyclops!
A centaur warrior comes into view.
It is wielding a +4 shortbow of flaming.
The redback completely misses you.
The centaur warrior shoots an arrow.
The arrow hits you. The redback bites you!
The zombie hands constrict the redback.
The redback barely misses you.
Casting: Borgnjor's Vile Clutch (mildly dangerous; 1% risk of failure)
Confirm with . or Enter, or press ? or * to list all spells.
You feel a surge of power!
The air bursts into flame!
The fireball engulfs the cyclops!
The cyclops is moderately wounded.
The fireball engulfs the redback!
You kill the redback!
Sif Muna accepts your kill.
The redback's shape twists and changes as it dies.
The fireball engulfs the cyclops!
The cyclops is heavily wounded.
A glowing mist starts to gather...
The cyclops changes into a black mamba!
You hit the black mamba.
The black mamba writhes in agony.
You grab the black mamba.
The black mamba is heavily wounded.
You constrict the black mamba.
You lose your grip on something.
The black mamba changes into something you cannot see!
Deactivating autopickup; reactivate with Ctrl-A.
You hit something.
Something writhes in agony.
Something completely misses you.
The centaur warrior shoots an arrow.
The arrow completely misses you.
The centaur warrior shoots an arrow.
The arrow misses you.
You swap places.
Something misses you.
The centaur warrior shoots an arrow.
The arrow hits your spectral redback! The arrow burns your spectral redback!
Something completely misses you.
The centaur warrior shoots an arrow.
The arrow hits your spectral redback!! The arrow burns your spectral redback!
Your spectral redback is destroyed!
You hit something. Something hits you. Something completely misses you.
A vampire mosquito comes into view.
The centaur warrior shoots an arrow.
The arrow completely misses you. Something closely misses you.
A vampire mosquito comes into view.
Something misses you.
A queen bee comes into view.
The centaur warrior shoots an arrow.
The arrow hits you!! The arrow burns you.
Casting: Ignition (dangerous; 9% risk of failure)
Confirm with . or Enter, or press ? or * to list all spells.
You feel a surge of power!
The air bursts into flame!
The fireball engulfs the centaur warrior!
The centaur warrior is moderately wounded.
The fireball engulfs something!!
Sif Muna accepts your kill.
Reactivating autopickup.
You feel a bit more experienced.
The fireball engulfs the queen bee!!
The queen bee is almost dead.
The fireball engulfs the vampire mosquito!!
The vampire mosquito is almost destroyed.
The fireball engulfs the vampire mosquito!
The vampire mosquito is severely damaged.
The fireball engulfs the vampire mosquito!!
You destroy the vampire mosquito!
Sif Muna accepts your kill.
The fireball engulfs the vampire mosquito!
The vampire mosquito is almost destroyed.
The fireball engulfs the queen bee!!
You kill the queen bee!
Sif Muna accepts your kill.
A glowing mist starts to gather...
The centaur warrior shoots an arrow.
The arrow hits you!!
* * * LOW HITPOINT WARNING * * *
The arrow burns you.
* * * LOW HITPOINT WARNING * * *
You have reached level 19!
You feel much better.
The vampire mosquito closely misses you.
The centaur warrior shoots an arrow.
The arrow hits you!
* * * LOW HITPOINT WARNING * * *
The arrow burns you.
* * * LOW HITPOINT WARNING * * *
Your spectral unseen horror hits the vampire mosquito.
The vampire mosquito is destroyed!
Sif Muna accepts your kill.
The centaur warrior shoots an arrow.
The arrow hits you!!
You die...

#.# #.. #Z# #.# ... #.#
#. #Z# #.# .... #†#
#.##.#. #. #@# #..... #
#. #.####### #..#.##.#
#. #†......#
#..#.#..###.####c#$.##.#
.........c.............#
....###.####.####.###..#
....#..........##)### .#
>##.#.#.#)...#.##...# #
.##....:...#.....#[....#


You could see a centaur warrior, a friendly spectral queen bee and a friendly
spectral unseen horror.

Vanquished Creatures
  2 deep elf master archers (Elf:3)
  A deep elf blademaster (Elf:3)
  Roxanne (Snake:2)
  A nagaraja (Snake:4)
  A deep elf sorcerer (Elf:3)
  A deep elf elementalist (Elf:3)
  3 deep elf demonologists (Elf:3)
  2 eleionomae (Swamp:4)
  5 deep elf death magi (Elf:3)
  2 deep elf annihilators (Elf:3)
  A minotaur (Gauntlet)
  2 deep elf high priests (Elf:3)
  An ogre mage (Orc:2)
  7 hydras
  A spriggan air mage (Swamp:3)
  3 ghost crabs
  3 catoblepae
  5 anacondas
  7 two-headed ogres
  2 dancing weapons (Elf:3)
  2 alligators
  2 boulder beetles
  Erica (D:8)
  7 death yaks
  A deep troll shaman (Lair:5)
  A tengu warrior (D:13)
  A centaur warrior (D:13)
  4 naga warriors
  2 shock serpents
  3 orc high priests (Orc:2)
  6 naga sharpshooters
  11 deep elf knights
  A death drake (Swamp:4)
  3 salamander mystics
  2 skysharks (Lair:4)
  A goliath frog (Swamp:2)
  2 skeletal warriors (D:13)
  2 bog bodies (Swamp:3)
  3 spriggan druids
  2 lindwurms
  3 mana vipers
  2 swamp dragons (Swamp:4)
  3 naga ritualists
  9 deep elf archers
  6 deep elf pyromancers (Elf:3)
  4 orc knights (Orc:2)
  12 deep elf zephyrmancers
  2 salamanders (Snake:3)
  3 orc sorcerers (Orc:2)
  3 ugly things
  A cyclops (D:12)
  2 manticores (D:13)
  4 kobold blastminers (Orc:2)
  A will-o-the-wisp (Swamp:1)
  5 elephants (Lair:5)
  3 meliai
  18 black mambas
  2 gargoyles
  16 naga magi
  An unseen horror (D:11)
  4 torpor snails
  Joseph (D:8)
  An unseen horror (shapeshifter) (D:13)
  6 cane toads
  2 kobold demonologists (D:9)
  2 rime drakes
  2 komodo dragons
  A queen bee (Lair:4)
  2 trolls
  Grinder (D:6)
  A queen bee (shapeshifter) (D:13)
  2 hornets
  3 blink frogs (Lair:5)
  A tyrant leech (Swamp:2)
  7 slime creatures (D:13)
  An air elemental (Elf:3)
  7 spriggans
  7 water elementals (Elf:1)
  A shadow (D:12)
  6 wyverns
  32 yaks
  6 basilisks
  2 wargs (Orc:2)
  5 wraiths
  9 vampire mosquitoes
  A redback (shapeshifter) (D:13)
  Menkaure (D:7)
  10 swamp worms
  4 acid dragons
  27 nagas
  13 water moccasins
  Duvessa (D:4)
  3 black bears (D:8)
  16 orc warriors
  An ogre (shapeshifter) (D:13)
  8 swamp drakes
  19 wolves
  9 ogres
  11 bullfrogs
  A scorpion (D:7)
  7 wights
  Dowan (D:4)
  40 killer bees
  A bombardier beetle (D:6)
  3 jellies
  13 orc priests
  5 hounds
  A gnoll bouda (D:6)
  5 hell rats (Lair:4)
  2 iguanas
  18 orc wizards
  9 gnolls (D:6)
  2 adders
  2 shadow imps
  A white imp (D:6)
  6 ufetubi
  A dart slug (D:3)
  60 orcs
  A ball python (D:4)
  2 endoplasms (D:4)
  7 goblins
  A hobgoblin (D:4)
  4 jackals (D:4)
  8 kobolds
  3 quokkas
  A bat (D:2)
  2 rats
651 creatures vanquished.

Vanquished Creatures (collateral kills)
  A deep elf blademaster (Elf:3)
  A thorn hunter (Swamp:4)
  3 nagarajas (Snake:4)
  4 deep elf elementalists (Elf:3)
  3 deep elf sorcerers (Elf:3)
  3 deep elf demonologists (Elf:3)
  An eleionoma (Swamp:1)
  4 deep elf annihilators (Elf:3)
  A shambling mangrove (Swamp:4)
  An alligator (Swamp:4)
  6 hydras (Swamp:4)
  An anaconda (Snake:1)
  4 dancing weapons
  4 naga warriors (Snake:4)
  2 shock serpents (Snake:4)
  6 naga sharpshooters
  A salamander mystic (Snake:4)
  2 deep elf knights
  A goliath frog (Swamp:1)
  5 swamp dragons
  4 naga ritualists
  2 bog bodies (Swamp:2)
  A mana viper (Snake:4)
  2 deep elf archers (Elf:3)
  3 deep elf pyromancers
  8 deep elf zephyrmancers
  2 will-o-the-wisps
  3 salamanders
  6 black mambas
  3 naga magi
  A polar bear (Lair:5)
  4 hornets
  A tyrant leech (Swamp:4)
  A spriggan (Swamp:2)
  A water elemental (Elf:3)
  2 fire elementals
  2 vampire mosquitoes
  6 swamp worms
  16 nagas
  5 swamp drakes
  2 earth elementals
129 creatures vanquished.

Vanquished Creatures (others)
  A bloated husk (Swamp:2)
  An orc priest (Orc:2)
  2 orc wizards (Orc:2)
  11 foxfires
  7 snaplasher vines
22 creatures vanquished.

Grand Total: 802 creatures vanquished

Notes
Turn   | Place    | Note
-------+----------+-------------------------------------------
     0 | D:1      | Flugslaktarn the Octopode Alchemist began the quest for the
                  | Orb.
     0 | D:1      | Reached XP level 1. HP: 11/11 MP: 3/3
   421 | D:2      | Reached XP level 2. HP: 15/17 MP: 0/5
   466 | D:3      | Found Iminip's Antique Weapon Emporium.
   511 | D:3      | Found Ezypna's Antique Weapon Boutique.
   643 | D:4      | Reached XP level 3. HP: 21/21 MP: 4/6
   733 | D:5      | Entered Level 5 of the Dungeon
   854 | D:5      | Noticed an ogre
  1004 | D:6      | Noticed Grinder
  1088 | D:4      | Noticed Duvessa
  1088 | D:4      | Noticed Dowan
  1119 | D:4      | Killed Duvessa
  1120 | D:4      | Reached skill level 3 in Spellcasting
  1120 | D:4      | Reached skill level 5 in Alchemy
  1120 | D:4      | Reached XP level 4. HP: 27/27 MP: 3/8
  1120 | D:4      | Reached XP level 5. HP: 31/31 MP: 3/9
  1127 | D:4      | Killed Dowan
  1136 | D:4      | Learned a level 4 spell: Olgreb's Toxic Radiance
  1177 | D:5      | Noticed a water moccasin
  1208 | D:5      | Killed a water moccasin
  1209 | D:5      | Reached XP level 6. HP: 22/36 MP: 11/11
  1283 | D:5      | Learned a level 4 spell: Sticky Flame
  1329 | D:6      | Reached skill level 4 in Spellcasting
  1333 | D:6      | Reached skill level 1 in Fire Magic
  1333 | D:6      | Reached XP level 7. HP: 22/41 MP: 0/13
  1409 | D:6      | Identified 2 scrolls of acquirement
  1409 | D:6      | Acquired a Fen Folio
  1474 | D:5      | Acquired the +1 hat of Imperfection {rCorr}
  1581 | D:6      | Found a staircase to the Ecumenical Temple.
  1615 | Temple   | Found a transporter.
  1615 | Temple   | Found a transporter.
  1615 | Temple   | Found a transporter.
  1615 | Temple   | Found a transporter.
  1615 | Temple   | Entered the Ecumenical Temple
  1622 | Temple   | Learned a level 4 spell: Ignite Poison
  1677 | D:6      | Reached skill level 1 in Fighting
  1845 | D:6      | Found a sparkling altar of Nemelex Xobeh.
  1883 | D:6      | Identified the ring of Noufia {Int+2 SInv}
  1904 | D:6      | Reached XP level 8. HP: 53/54 MP: 3/14
  2013 | D:6      | Paralysed by Grinder for 4 turns
  2021 | D:6      | Killed Grinder
  2069 | Temple   | Became a worshipper of Sif Muna the Loreminder
  2117 | D:7      | Reached skill level 5 in Spellcasting
  2117 | D:7      | Reached skill level 1 in Invocations
  2200 | D:7      | Reached skill level 6 in Spellcasting
  2264 | D:7      | Found Tufill Gasy's Antique Weapon Shoppe.
  2280 | D:7      | Reached XP level 9. HP: 55/58 MP: 8/18
  2365 | D:7      | Identified the +9 flail of Action {vamp, rF+ Stlth+}
  2377 | D:7      | Learned a level 6 spell: Eringya's Noxious Bog
  2444 | D:7      | Reached * piety under Sif Muna
  2522 | D:7      | Noticed Menkaure
  2529 | D:7      | Killed Menkaure
  2654 | D:8      | Reached skill level 10 in Alchemy
  2657 | D:8      | Found a staircase to the Lair.
  2661 | D:8      | Noticed Joseph
  2768 | D:8      | Found a broken altar of Ashenzari.
  2768 | D:8      | Found a stormy altar of Qazlal.
  2774 | D:8      | Found an ancient bone altar of Kikubaaqudgha.
  2776 | D:8      | Found a bloodstained altar of Trog.
  2805 | D:8      | Noticed Erica
  2815 | D:8      | Killed Erica
  2816 | D:8      | Reached XP level 10. HP: 35/63 MP: 0/19
  2852 | D:8      | Found a flagged portal.
  2862 | Bailey   | Entered a bailey
  3082 | Bailey   | Reached skill level 5 in Fighting
  3098 | Bailey   | Reached skill level 7 in Spellcasting
  3404 | Bailey   | Reached skill level 8 in Spellcasting
  3481 | Bailey   | Noticed a two-headed ogre
  3485 | Bailey   | Killed a two-headed ogre
  3690 | D:8      | Killed Joseph
  3691 | D:8      | Reached skill level 9 in Spellcasting
  3766 | D:8      | Reached ** piety under Sif Muna
  3966 | D:9      | Reached skill level 10 in Spellcasting
  3966 | D:9      | Reached XP level 11. HP: 72/72 MP: 11/25
  3966 | D:9      | Found a staircase to the Orcish Mines.
  4017 | D:9      | Reached skill level 5 in Dodging
  4108 | D:10     | Entered Level 10 of the Dungeon
  4199 | D:9      | Reached *** piety under Sif Muna
  4209 | D:9      | Noticed a two-headed ogre
  4249 | D:9      | Killed a two-headed ogre
  4384 | Orc:1    | Entered Level 1 of the Orcish Mines
  4385 | Orc:1    | Found a burning altar of Makhleb.
  4430 | Orc:1    | Reached skill level 5 in Fire Magic
  4769 | Orc:2    | Entered Level 2 of the Orcish Mines
  4916 | Orc:2    | Reached skill level 5 in Invocations
  4983 | Orc:2    | Noticed a two-headed ogre
  4985 | Orc:2    | Noticed an orc knight
  5010 | Orc:2    | Killed a two-headed ogre
  5010 | Orc:2    | Reached **** piety under Sif Muna
  5048 | Orc:2    | Found Lorozuv's Magic Scroll Boutique.
  5052 | Orc:2    | Noticed an ogre mage
  5083 | Orc:2    | Noticed a two-headed ogre
  5084 | Orc:2    | Killed an ogre mage
  5086 | Orc:2    | Noticed a two-headed ogre
  5091 | Orc:2    | Killed a two-headed ogre
  5094 | Orc:2    | Killed a two-headed ogre
  5207 | Orc:2    | Reached XP level 12. HP: 72/79 MP: 19/26
  5291 | Orc:2    | Noticed a two-headed ogre
  5317 | Orc:2    | Killed a two-headed ogre
  5789 | Orc:2    | Reached skill level 10 in Fire Magic
  5798 | Orc:2    | Learned a level 8 spell: Ignition
  5913 | Orc:2    | Found a staircase to the Elven Halls.
  6220 | Orc:2    | Noticed an orc high priest
  6220 | Orc:2    | Noticed an orc high priest
  6238 | Orc:2    | Noticed a soul eater
  6422 | Orc:2    | Noticed an orc high priest
  6430 | Orc:2    | Killed an orc high priest
  6639 | Orc:2    | Killed an orc high priest
  6654 | Orc:2    | Killed an orc high priest
  6779 | Orc:2    | Found Ganidyg's Weapon Emporium.
  6779 | Orc:2    | Found Edask's Jewellery Boutique.
  6781 | Orc:2    | Found Kiulil's Armour Emporium.
  6781 | Orc:2    | Found Duew's Distillery.
  6802 | Orc:2    | Bought the amulet "Inineim" {Reflect Will++ Regen+ MP+9
                  | Int-2 SH+5} for 919 gold pieces
  6901 | D:10     | Found a hazy altar of Hepliaklqana.
  7015 | D:11     | Noticed a two-headed ogre
  7023 | D:11     | Reached ***** piety under Sif Muna
  7027 | D:11     | Killed a two-headed ogre
  7028 | D:11     | Reached XP level 13. HP: 83/83 MP: 27/27
  7583 | D:13     | Found a gate leading to a gauntlet.
  7591 | Gauntlet | Entered a Gauntlet
  7591 | Gauntlet | Found a transporter.
  7591 | Gauntlet | Found a transporter.
  7591 | Gauntlet | Found a transporter.
  7604 | Gauntlet | Found a transporter.
  7609 | Gauntlet | Found a transporter.
  7613 | Gauntlet | Found a transporter.
  7615 | Gauntlet | Found a transporter.
  7623 | Gauntlet | Found a transporter.
  7639 | Gauntlet | Noticed a great orb of eyes
  7641 | Gauntlet | Found a transporter.
  7660 | Gauntlet | Found a transporter.
  7661 | Gauntlet | Found a transporter.
  7671 | Gauntlet | Found a transporter.
  7813 | Gauntlet | Got Zatt's Tractate on Hypothermia and the Catacomb
  7875 | Gauntlet | Identified the +9 short sword of Ezyc {heavy, rElec rPois
                  | Str-2 Dex+7}
  7875 | Gauntlet | Noticed a minotaur
  7887 | Gauntlet | Killed a minotaur
  7919 | Gauntlet | Got the Handbook of the Crypt
  8005 | Gauntlet | Acquired a +6 ring of dexterity
  8167 | Lair:1   | Entered Level 1 of the Lair of Beasts
  8664 | Lair:4   | Reached skill level 15 in Fire Magic
  8693 | Lair:4   | Reached skill level 1 in Necromancy
  8781 | Lair:5   | Entered Level 5 of the Lair of Beasts
  9036 | Lair:4   | Received a gift from Sif Muna
  9041 | Lair:4   | Reached skill level 11 in Spellcasting
  9041 | Lair:4   | Reached skill level 5 in Necromancy
  9042 | Lair:4   | Got Sif Muna's Guide on Anthracomancy {god gift}
  9129 | Lair:5   | Reached XP level 14. HP: 90/90 MP: 15/29
  9295 | Lair:5   | Learned a level 6 spell: Death Channel
  9365 | Lair:5   | Got an earthy gem with 2516 turns to spare
  9688 | Lair:1   | Found a runed translucent door.
  9795 | Elf:1    | Entered Level 1 of the Elven Halls
  9795 | Elf:1    | Found a large runed translucent door.
  9806 | Orc:2    | Learned a level 5 spell: Summon Forest
  9815 | Elf:1    | Found a large runed translucent door.
  9878 | Elf:1    | Reached skill level 1 in Summonings
  9878 | Elf:1    | Reached skill level 1 in Translocations
  9889 | Elf:1    | Noticed Qizunt's ghost (adept SpIE)
 10054 | Elf:1    | Received a gift from Sif Muna
 10055 | Elf:1    | Got Qeodyniv's Compilation of Gusts and the Plateau {god
                  | gift}
 10121 | Elf:1    | Reached skill level 12 in Spellcasting
 10121 | Elf:1    | Reached XP level 15. HP: 80/97 MP: 21/31
 10178 | Elf:2    | Reached XP level 16. HP: 54/103 MP: 25/32
 10185 | Elf:2    | Reached skill level 5 in Translocations
 10189 | Elf:2    | Reached skill level 5 in Summonings
 10192 | Elf:2    | Reached skill level 13 in Spellcasting
 10222 | Elf:1    | Learned a level 5 spell: Irradiate
 10297 | Elf:3    | Entered Level 3 of the Elven Halls
 10308 | Elf:3    | Found Etaec's Antique Weapon Boutique.
 10409 | Elf:3    | Noticed a deep elf blademaster
 10419 | Elf:3    | Killed a deep elf blademaster
 10441 | Elf:3    | Noticed a deep elf master archer
 10444 | Elf:3    | Killed a deep elf master archer
 10445 | Elf:3    | Reached skill level 14 in Spellcasting
 10448 | Elf:3    | Identified the +9 whip "Suilel" {flame, rElec Str-5 Int+3}
 10450 | Elf:3    | Noticed a deep elf blademaster
 10454 | Elf:3    | Killed a deep elf blademaster
 10468 | Elf:3    | Reached skill level 10 in Fighting
 10472 | Elf:3    | Killed a ghostly deep elf blademaster
 10484 | Elf:3    | Noticed a deep elf master archer
 10495 | Elf:3    | Killed a deep elf master archer
 10554 | Elf:3    | Identified the amulet of Reinum {Faith Regen+ Str+3}
 10564 | Elf:3    | Reached skill level 10 in Dodging
 10564 | Elf:3    | Reached XP level 17. HP: 115/115 MP: 7/35
 10565 | Elf:3    | Identified the +3 flail "Vioreloj" {freeze, Will++}
 10595 | Elf:3    | Got Goosicw's Even More Spellwork
 10637 | Elf:3    | Identified the ring "Reahig" {rN+ Will+}
 10646 | Elf:3    | Identified the +8 war axe "Peolu Ampu" {elec, rN+}
 10681 | Elf:3    | Got a shimmering gem with 978 turns to spare
 10689 | Elf:3    | Got Sif Muna's Guidebook on Execration and Convocation
 10693 | Elf:3    | Identified the staff of Ugideaph {rN+ Dex+7 Necro}
 10699 | Elf:3    | Identified the +6 glaive "Jeucogh" {antimagic, *Rage rPois
                  | Str+2 Int+2}
 10892 | Elf:1    | Noticed Zenata
 10978 | Orc:2    | Bought a +5 ring of evasion for 504 gold pieces
 11142 | Lair:2   | Found a staircase to the Snake Pit.
 11151 | Snake:1  | Entered Level 1 of the Snake Pit
 11161 | Snake:1  | Reached skill level 1 in Earth Magic
 11277 | Snake:4  | Entered Level 4 of the Snake Pit
 11523 | Snake:4  | Found Zostubba's Mass Market.
 11581 | Snake:4  | Reached skill level 15 in Spellcasting
 11635 | Snake:4  | Received a gift from Sif Muna
 11637 | Snake:4  | Reached skill level 5 in Earth Magic
 11753 | Snake:4  | Got Imofuqu's Spellbook of Transfiguration and Incineration
                  | {god gift}
 11816 | Snake:4  | Got a serpentine rune of Zot
 11816 | Snake:4  | Got a jade gem with 1734 turns to spare
 11854 | Snake:4  | Found a runed translucent door.
 11854 | Snake:4  | Noticed p0werm0de's ghost (adept OnCK)
 11886 | Snake:4  | Noticed Vashnia
 11933 | Snake:3  | Received a gift from Sif Muna
 11934 | Snake:3  | Got Sif Muna's Grimoire of Septic Shadows {god gift}
 12042 | Snake:2  | Found Pauvisiu's Distillery.
 12049 | Snake:2  | Found Owib's Assorted Antiques.
 12115 | Snake:2  | Found Tuesul's Antique Armour Shop.
 12120 | Snake:2  | Noticed Roxanne
 12133 | Snake:2  | Reached skill level 16 in Spellcasting
 12187 | Snake:2  | Killed Roxanne
 12188 | Snake:2  | Reached XP level 18. HP: 120/120 MP: 22/38
 12234 | Snake:2  | Reached skill level 1 in Shapeshifting
 12830 | Lair:2   | Reached skill level 5 in Shapeshifting
 12852 | Lair:2   | Found a staircase to the Swamp.
 12860 | Swamp:1  | Entered Level 1 of the Swamp
 12893 | Swamp:1  | Learned a level 5 spell: Borgnjor's Vile Clutch
 13150 | Swamp:3  | Identified the +1 robe of Makhleb, Transmuting {Will+}
 13267 | Swamp:4  | Entered Level 4 of the Swamp
 13314 | Swamp:4  | Received a gift from Sif Muna
 13317 | Swamp:4  | Got Sif Muna's Vademecum on the Bonfire {god gift}
 13380 | Swamp:4  | Got a decaying rune of Zot
 13381 | Swamp:4  | Got a mossy gem with 1271 turns to spare
 13482 | Swamp:4  | Reached skill level 10 in Shapeshifting
 13529 | Swamp:4  | Noticed a tentacled monstrosity
 13582 | Swamp:2  | Learned a level 1 spell: Apportation
 13874 | D:12     | Found a portal to a secret trove of treasure.
 14212 | D:13     | Identified the ring of Jaam {^Drain rPois rCorr Dex+6}
 14256 | D:13     | Reached XP level 19. HP: 27/126 MP: 7/39
 14256 | D:13     | Shot with an arrow by a centaur warrior

Illustrated notes

Levels and vault maps discovered:
D:1:      spicycebolla_green_bress_n_ham_2, layout_basic,
          ebering_ecumenical_altar_rust, chequers_serial_rivers_micro_e,
          minmay_misc_feat_square
D:2:      layout_loops_ring
D:3:      layout_basic, serial_shops, nicolae_shop_real_fake_doors,
          nicolae_shop_temple_entry_statues_fountains,
          nicolae_shop_window_shopping, nicolae_shop_trees,
          nicolae_book_shop_shelving, hellmonk_no_cap
D:4:      layout_basic, nicolae_tso_swordbearing_angel, uniq_duvessa
D:5:      layout_basic
D:6:      layout_basic, mainiacjoe_overflow_24_doors,
          minmay_temple_entry_statues_fountains, uniq_grinder
D:7:      layout_cave_pods, serial_shops, shop, uniq_menkaure
D:8:      layout_gridville, nicolae_overflow_macrodata_refinement,
          due_lair_maze_entry_diamond, enter_bailey_3, uniq_erica, uniq_joseph
D:9:      layout_irregular_city, minmay_orc_entry_temple_small
D:10:     layout_stronghold, nicolae_hepliaklqana_hazy_memory,
          kennysheep_diamond
D:11:     layout_cross, serial_library_hellmonk_semicircle, minivault_5
D:12:     layout_roguey, nicolae_trove_entry_free_sample
D:13:     layout_loops_cross, hellmonk_vaults_attempted_burglary,
          gauntlet_entry_generic, serial_shops, shop,
          minmay_the_grid_square_5x5_3x3_mashed [minmay_the_grid_square_5x5_tie,
          minmay_the_grid_square_5x5_comb,
          minmay_the_grid_square_5x5_broken_cross,
          minmay_the_grid_square_5x5_shuriken,
          minmay_the_grid_square_5x5_megaprize_crossed,
          minmay_the_grid_square_5x5_three_walls,
          minmay_the_grid_square_5x5_shrine2,
          minmay_the_grid_square_5x5_trominoes, minmay_the_grid_square_5x5_meh]
Temple:   hellmonk_temple_divided_pantheon
Lair:1:   gammafunk_indiana_jones, layout_hall_layers, special_room
          [special_room_bee], st_stairs_9, serial_bayou_pond_e, minivault_11,
          chequers_serial_rivers_room_a
Lair:2:   layout_loops_ring, mainiacjoe_swamp_entry_angry_trees,
          minmay_snake_entry_guardpost_medium, serial_bayou_shore_b,
          infiniplex_staircase_pool_2
Lair:3:   layout_regular_city, pdpol_lair_cavern_descent, lemuel_fruit_tree
Lair:4:   regret_index_harrowing_hell_hive, layout_loops_ring
Lair:5:   grunt_lair_end_beastmaster, layout_regular_city,
          nicolae_slime_entry_slimehenge, minmay_stone_trees_small, pond,
          infiniplex_staircase_pool
Swamp:1:  regret_index_all_hallows'_manor, layout_falls_marsh,
          nicolae_swamp_little_tower, swamp_pool_1_2,
          nicolae_swamp_dense_foliage
Swamp:2:  layout_basic_swamp, nicolae_swamp_tree_designs
Swamp:3:  layout_falls_marsh, evilmike_swamp_ruin_house_4
Swamp:4:  swamp, layout_basic_swamp, nicolae_swamp_orc_logging_accident,
          nicolae_swamp_bunyip_nook
Snake:1:  layout_layer_cave
Snake:2:  layout_gridlike, serial_shops, nicolae_shop_crystal, minmay_shoptagon,
          nicolae_triple_integral, uniq_roxanne
Snake:3:  layout_rooms, nicolae_snake_storage_room
Snake:4:  snake_pit, layout_cave_town, ebering_ghost_reflecting_pool,
          minmay_shop_mass, grunt_megastairs_5, uniq_vashnia
Orc:1:    layout_diamond_mine, basic_altar
Orc:2:    grunt_orc_tribal_feast, layout_caves, serial_shops,
          nicolae_shop_advertising_works [nicolae_subvault_shop_adworks]
Elf:1:    layout_geoelf_diagonals, ebering_ghost_disaster_area,
          nicolae_elf_shapeshifter_party, nicolae_elf_loose_elemental_storage,
          uniq_zenata
Elf:2:    elven_hall_of_blades_hangedman_alternative
          [nicolae_blade_entry_antechamber], layout_rooms, fountainhead,
          st_stairs_8
Elf:3:    grunt_elf_hall_diamonds, layout_loops_cross, basic_altar,
          serial_shops, nicolae_shop_stone

Skill      XL: |  1  2  3  4  5  6  7  8  9 10 11 12 13 14 15 16 17 18 |
---------------+-------------------------------------------------------+-----
Alchemy        | 4 5 6 7 8 11 | 11.8
Spellcasting   | 3 4 6 10 11 12 14 16 | 16.0
Fire Magic     | 1 2 4 8 13 15 | 15.0
Fighting       | 4 6 7 10 | 10.0
Invocations    | 3 5 8 |  8.0
Dodging        | 3 6 10 | 10.0
Necromancy     | 5 8 |  8.2
Summonings     | 4 5 |  5.0
Translocations | 4 5 |  5.0
Earth Magic    | 8 |  8.4
Shapeshifting  | 11 | 11.1
Stealth        | |  2.6
Conjurations   | |  1.0

Action                     |  1- 3 |  4- 6 |  7- 9 | 10-12 | 13-15 | 16-18 | 19-21 || total
---------------------------+-------+-------+-------+-------+-------+-------+-------++-------
  Melee: Short sword       |    30 |    27 |    71 |       |    55 |    89 |       ||   272
         Tentacles         |     5 |     8 |    24 |    24 |    25 |    49 |       ||   135
         Constrict         |     3 |     5 |    20 |    21 |    21 |    27 |       ||    97
         Punch             |       |       |     2 |       |     2 |       |       ||     4
         Flail             |       |       |    25 |    65 |    23 |    20 |       ||   133
         Staff             |       |       |       |       |       |    14 |       ||    14
   Cast: Sting             |    28 |     3 |    15 |    10 |    14 |     1 |       ||    71
         Sticky Flame      |       |     2 |     7 |     9 |    15 |       |       ||    33
         Olgreb's Toxic Ra |       |       |    24 |    70 |    46 |     9 |       ||   149
         Ignite Poison     |       |       |     4 |    37 |    27 |     4 |       ||    72
         Eringya's Noxious |       |       |       |    18 |    14 |    13 |       ||    45
         Ignition          |       |       |       |       |    21 |   101 |       ||   122
         Anguish           |       |       |       |       |     1 |       |       ||     1
         Death Channel     |       |       |       |       |     4 |    23 |       ||    27
         Summon Forest     |       |       |       |       |     3 |    19 |       ||    22
         Irradiate         |       |       |       |       |       |    35 |       ||    35
         Borgnjor's Vile C |       |       |       |       |       |    17 |       ||    17
 Invoke: Channel Magic     |       |       |       |       |     7 |    25 |       ||    32
         Divine Exegesis   |       |       |       |       |     1 |       |       ||     1
  Evoke: Wand              |       |       |       |       |     2 |     1 |       ||     3
         Phantom mirror    |       |       |       |       |     1 |       |       ||     1
    Use: Scroll            |     6 |       |     7 |     2 |    16 |     5 |       ||    36
         Potion            |     1 |     3 |     2 |     1 |    11 |     3 |     1 ||    22
   Stab: Invisible         |       |     1 |       |       |       |       |       ||     1
         Sleeping          |       |       |       |       |     2 |     3 |       ||     5
         Petrified         |       |       |       |       |     4 |       |       ||     4
         Distracted        |       |       |       |       |       |     2 |       ||     2
 Armour: Skin              |    32 |    13 |    66 |    76 |    94 |   136 |     2 ||   419
  Dodge: Dodged            |    21 |    19 |    86 |    84 |   118 |   308 |     1 ||   637
  Block: Other             |       |       |       |     4 |    42 |    47 |       ||    93
         Reflection        |       |       |       |       |     1 |     4 |       ||     5

Table legend: (Time is in decaauts)
 A = Elapsed time spent in this place.
 B = Non-inter-level travel time spent in this place.
 C = Inter-level travel time spent in this place.
 D = Time resting spent in this place.
 E = Time spent auto-exploring this place.
 F = Levels seen in this place.
 G = Mean time per level.
                   A        B        C        D        E       F      G
               +--------+--------+--------+--------+--------+-----+--------+
         Total |  14414 |  13178 |   1236 |   1495 |   2256 |  34 |  423.9 |
       Dungeon |   5234 |   4498 |    736 |      0 |   1229 |  13 |  402.6 |
        Temple |     59 |     43 |     16 |      0 |      0 |   1 |   59.0 |
          Lair |   1757 |   1608 |    149 |      0 |      0 |   5 |  351.4 |
         Swamp |    785 |    784 |      1 |      0 |      0 |   4 |  196.2 |
     Snake Pit |   1632 |   1523 |    109 |      0 |      0 |   4 |  408.0 |
  Orcish Mines |   2703 |   2490 |    213 |    864 |    843 |   2 | 1351.5 |
   Elven Halls |   1089 |   1078 |     11 |      0 |      0 |   3 |  363.0 |
        Bailey |    733 |    733 |      0 |    494 |     62 |   1 |  733.0 |
      Gauntlet |    420 |    420 |      0 |    137 |    122 |   1 |  420.0 |
               +--------+--------+--------+--------+--------+-----+--------+

Top non-repeatable levels by time:
   Orc:2: 2092 daAuts
  Bailey: 733 daAuts
  Lair:4: 721 daAuts
     D:8: 691 daAuts
     D:6: 680 daAuts
   Orc:1: 610 daAuts
 Snake:4: 605 daAuts
   Elf:3: 581 daAuts
     D:7: 568 daAuts
     D:9: 500 daAuts
     D:5: 458 daAuts
 Snake:2: 457 daAuts
 Snake:1: 454 daAuts
    D:11: 423 daAuts
Gauntlet: 420 daAuts
